 Dungeon Crawl Stone Soup version 0.30.0-7-g0c4daa9e05 (webtiles) character file.

Game seed: 6410533764455997554

2203 Kass the Fighter (level 9, -3/60 HPs)
             Began as a Gargoyle Fighter on May 13, 2023.
             Was an Elder of Fedhas.
             Slain by Joseph
             ... wielding a +5 quarterstaff of speed
              (10 damage)
             ... on level 7 of the Dungeon.
             The game lasted 00:17:22 (5552 turns).

Kass the Fighter (Gargoyle Fighter)                 Turns: 5552, Time: 00:17:23

Health: -3/60      AC: 20    Str: 24    XL:     9   Next: 34%
Magic:  9/9        EV:  8    Int:  9    God:    Fedhas [****..]
Gold:   424        SH:  5    Dex: 15    Spells: 8/8 levels left

rFire   . . .        a - +0 war axe
rCold   . . .        c - +0 buckler
rNeg    + . .        C - +2 chain mail {rPois}
rPois   ∞            j - +1 helmet
rElec   +            (no cloak)
rCorr   .            (no gloves)
SInv    .            (no boots)
Will    .....        q - amulet of the acrobat Stlth
                     s - +6 ring of dexterity
HPRegen 0.30/turn    (no ring)
MPRegen 0.11/turn

%: acrobat
@: no status effects
A: sickness immunity, AC +6, negative energy resistance 1, electricity
resistance, torment resistance 1, petrification resistance
a: Renounce Religion, Wall of Briars, Grow Ballistomycete, Overgrow


You were on level 7 of the Dungeon.
You worshipped Fedhas.
Fedhas was greatly pleased with you.
You visited 2 branches of the dungeon, and saw 8 of its levels.

You collected 424 gold pieces.

Inventory:

Hand Weapons
 a - a +0 war axe (weapon)
 A - the +0 quarterstaff "Towufyac" {vamp, rElec}
   (You found it on level 4 of the Dungeon)

   rElec:     It insulates you from electricity.
Missiles
 p - 18 poisoned darts (quivered)
Armour
 b - a +0 scale mail
 c - a +0 buckler (worn)
 j - a +1 helmet (worn)
 C - a +2 chain mail of poison resistance (worn)
Jewellery
 h - a +6 ring of intelligence
 q - an amulet of the acrobat (around neck)
 s - a +6 ring of dexterity (left hand)
 x - a ring of ice
 y - a ring of see invisible
 D - an amulet of guardian spirit
Wands
 v - a wand of flame (14)
Scrolls
 e - 3 scrolls of teleportation {unknown}
 f - 2 scrolls of summoning {unknown}
 g - 4 scrolls of identify {unknown}
 n - 2 scrolls of blinking {unknown}
 o - a scroll of poison {unknown}
 r - 2 scrolls of vulnerability {unknown}
 t - a scroll of enchant armour {unknown}
 u - a scroll of enchant weapon {unknown}
Potions
 d - a potion of might
 i - 3 potions of cancellation {unknown}
 k - 2 potions of haste {unknown}
 l - a potion of lignification {unknown}
 m - 2 potions of flight {unknown}
 w - 2 potions of heal wounds
 z - 4 potions of curing {unknown}
 B - a potion of invisibility {unknown}
 E - a potion of degeneration {unknown}


   Skills:
 + Level 8.8 Fighting
 + Level 7.1 Axes
 + Level 4.9 Armour
 + Level 4.9 Shields
 + Level 2.8 Evocations


You had 8 spell levels left.
You didn't know any spells.
Your spell library contained the following spells:

 Spells                   Type           Power      Damage    Failure   Level
 Magic Dart               Conj           0%         1d3       95%         1
 Call Imp                 Summ           0%         N/A       98%         2
 Mephitic Cloud           Conj/Pois/Air  0%         N/A       100%        3
 Tukima's Dance           Hex            0%         N/A       100%        3
 Leda's Liquefaction      Hex/Erth       0%         N/A       100%        4
 Passage of Golubria      Tloc           0%         N/A       100%        4
 Lee's Rapid Deconstruct  Erth           0%         3d4*      100%        5
 Yara's Violent Unravell  Hex/Tmut       0%         3d3       100%        5
 Statue Form              Tmut/Erth      Unusable   N/A       N/A         6

Dungeon Overview and Level Annotations

Branches:
Dungeon (7/15)             Temple (1/1) D:4

Altars:
Ashenzari
Dithmenos
Elyvilon
Fedhas
Gozag
Hepliaklqana
Kikubaaqudgha
Makhleb
Nemelex Xobeh
Ru
Sif Muna
Trog
Uskayaw
Wu Jian
Yredelemnul
Zin
The Shining One

Shops:
D:4 **   D:5 ?

Annotations:
D:7 Joseph


Innate Abilities, Weirdness & Mutations

You are immune to sickness and miasma.
Your stone body is resilient. (AC +6)
You are immune to poison.
You resist negative energy. (rN+)
You are resistant to electric shocks. (rElec)
You are resistant to unholy torment.
You are immune to petrification.


Message History

Joseph is moderately wounded.
Joseph hits you with a +5 quarterstaff of speed.
You block Joseph's attack.
You slash Joseph!
Joseph is heavily wounded.
Joseph hits you with a +5 quarterstaff of speed!
Joseph hits you with a +5 quarterstaff of speed.
You barely miss Joseph.
Joseph is heavily wounded.
Joseph hits you with a +5 quarterstaff of speed.
Joseph closely misses you.
You are too injured to fight recklessly!
You are too injured to fight recklessly!
You are too injured to fight recklessly!
You slash Joseph!
Joseph is severely wounded.
Joseph hits you but does no damage.
You slash Joseph!
Joseph is almost dead.
Joseph hits you but does no damage.
Joseph says, "I've waited for this moment for such a long time."
You block Joseph's attack.
You slash Joseph!
Joseph is almost dead.
Joseph barely misses you.
Joseph hits you with a +5 quarterstaff of speed!
* * * LOW HITPOINT WARNING * * *
You hit Joseph but do no damage.
Joseph is almost dead.
Joseph hits you but does no damage.
You hit Joseph but do no damage.
Joseph is almost dead.
Joseph hits you but does no damage.
Joseph hits you with a +5 quarterstaff of speed!
* * * LOW HITPOINT WARNING * * *
You hit Joseph but do no damage.
Joseph is almost dead.
Joseph hits you with a +5 quarterstaff of speed!
You die...
Fedhas appreciates your contribution to the ecosystem.

#..# #.>.# ##..#
#..## ##..## #..#
##... ##.## ....#
#..# #...# #..#
##...## ##.##
#...@.# #..## # #.@#
##..## . ##.#
##..### # #)#
##...## #.# ##...#
###### #.## #...##
...... #..# ##)...#
.....
##..#######))...##
.###
##................#
##
#............##....#


You could see Joseph.

Vanquished Creatures
  2 water moccasins
  3 ice beasts
  2 black bears (D:5)
  A centaur (D:5)
  An ogre (D:5)
  2 kobold brigands
  3 bullfrogs
  2 scorpions
  A howler monkey (D:5)
  5 hounds
  3 jellies
  2 gnoll boudas (D:5)
  2 orc priests (D:4)
  An iguana (D:4)
  4 orc wizards
  Natasha (thrice) (D:3)
  10 gnolls
  8 adders
  2 shadow imps
  3 white imps
  A worm (D:3)
  4 dart slugs
  26 orcs
  3 bats
  7 endoplasms
  4 giant cockroaches
  8 goblins
  7 hobgoblins
  16 kobolds
  A quokka (D:1)
  13 ball pythons
  6 rats
156 creatures vanquished.

Notes
Turn   | Place    | Note
-------+----------+-------------------------------------------
     0 | D:1      | Kass the Gargoyle Fighter began the quest for the Orb.
     0 | D:1      | Reached XP level 1. HP: 14/14 MP: 1/1
   134 | D:1      | Reached XP level 2. HP: 3/19 MP: 2/2
   304 | D:1      | Reached XP level 3. HP: 24/24 MP: 3/3
   321 | D:1      | Reached skill level 4 in Fighting
   757 | D:2      | Found a blossoming altar of Fedhas.
   785 | D:2      | Became a worshipper of Fedhas Madash
  1308 | D:3      | Found a faded altar of an unknown god.
  1310 | D:3      | Noticed a scorpion
  1323 | D:2      | Reached XP level 4. HP: 30/30 MP: 4/4
  1334 | D:2      | Killed a scorpion
  1335 | D:2      | Reached XP level 5. HP: 30/34 MP: 5/5
  1470 | D:3      | Reached * piety under Fedhas
  1494 | D:3      | Reached skill level 5 in Fighting
  1560 | D:3      | Noticed an eye of devastation
  1568 | D:3      | Noticed a golden eye
  1574 | D:3      | Noticed a great orb of eyes
  1587 | D:3      | Noticed an eye of devastation
  1764 | D:4      | Found a staircase to the Ecumenical Temple.
  1877 | D:3      | Reached XP level 6. HP: 37/41 MP: 6/6
  1982 | D:4      | Noticed Natasha
  1990 | D:3      | Killed Natasha
  2000 | D:3      | Noticed Natasha
  2010 | D:3      | Killed Natasha
  2134 | D:3      | Reached ** piety under Fedhas
  2135 | D:3      | Reached skill level 6 in Fighting
  2240 | D:3      | Noticed Natasha
  2248 | D:3      | Killed Natasha
  2249 | D:3      | Reached XP level 7. HP: 32/47 MP: 7/7
  2363 | D:4      | Found an ancient bone altar of Kikubaaqudgha.
  2446 | D:4      | Found Hupryalu's Fire Supplies.
  2467 | D:4      | Identified the +0 quarterstaff "Towufyac" {vamp, rElec}
  2468 | D:4      | You fall into a shaft and drop 2 floors!
  2492 | D:6      | Reached skill level 5 in Axes
  2693 | D:6      | Reached skill level 7 in Fighting
  2741 | D:6      | Reached XP level 8. HP: 29/53 MP: 8/8
  2864 | D:5      | Entered Level 5 of the Dungeon
  2925 | D:5      | Reached skill level 8 in Fighting
  2990 | D:4      | Found Liemivuf's Assorted Antiques.
  3685 | Temple   | Entered the Ecumenical Temple
  4125 | D:5      | Reached skill level 1 in Evocations
  4214 | D:5      | Found Xuchour's Magic Scroll Boutique.
  4275 | D:5      | Reached *** piety under Fedhas
  4797 | D:5      | Reached XP level 9. HP: 39/60 MP: 9/9
  5058 | D:6      | Reached **** piety under Fedhas
  5537 | D:7      | Noticed Joseph
  5552 | D:7      | Slain by Joseph

Illustrated notes

Levels and vault maps discovered:
D:1:      dpeg_arrival_lava_temple_mockup, layout_loops_cross, dk_noncrumbling_3
D:2:      layout_loops_ring, basic_altar
D:3:      layout_rooms, hellmonk_ecumenical_altar_watching_god
D:4:      layout_rooms, mainiacjoe_overflow_cross_hatched,
          minmay_temple_entry_proselytizer, serial_shops, kennysheep_mini,
          nicolae_shop_fire_sale [nicolae_sub_dead_trees], uniq_natasha
D:5:      minmay_octagon_keep, layout_basic, serial_shops, shop
D:6:      layout_rooms
D:7:      layout_layer_cave, mainiacjoe_overflow_divided_tiny, uniq_joseph
Temple:   eino_temple_scatter_basement

Skill      XL: |  1  2  3  4  5  6  7  8  9 |
---------------+----------------------------+-----
Axes           | 2 3 4 5 6 7 |  7.1
Fighting       | 4 5 6 7 8 |  8.8
Evocations     | 2 |  2.8
Armour         | 4 |  4.9
Shields        | 4 |  4.9

Action                     |  1- 3 |  4- 6 |  7- 9 || total
---------------------------+-------+-------+-------++-------
  Melee: War axe           |    88 |   149 |   359 ||   596
  Evoke: Wand              |       |       |     2 ||     2
 Armour: Scale mail        |    58 |    90 |    84 ||   232
         Chain mail        |       |       |   122 ||   122
  Dodge: Dodged            |    43 |    77 |   155 ||   275
  Block: Buckler           |    13 |    21 |   101 ||   135
